 Dungeon Crawl Stone Soup version 0.26-a0-812-g31a745ddcd (webtiles) character file.

Game seed: 5251704883439703225

48 kae the Ruffian (level 3, 0/29 HPs)
             Began as a Draconian Transmuter on Dec 7, 2020.
             Killed from afar by Ijyb (23 damage)
             ... with a bolt of acid
             ... on level 3 of the Dungeon.
             The game lasted 00:00:59 (2598 turns).

kae the Ruffian (Draconian Transmuter)              Turns: 2598, Time: 00:01:00

Health: 0/29       AC:  5    Str: 10 (13) XL:     3   Next: 50%
Magic:  6/6        EV: 12    Int: 12 (13) God:
Gold:   118        SH:  0    Dex:  8 (11) Spells: 2/6 levels left

rFire    . . .     SeeInvis .     - Unarmed
rCold    . . .     Faith    .   (no shield)
rNeg     . . .     Spirit   .   (armour unavailable)
rPois    .         Reflect  .   (helmet restricted)
rElec    .         Harm     .   (no cloak)
rCorr    .         Rampage  .   (no gloves)
MR       .....                  (no boots)
Stlth    +.........             (no amulet)
HPRegen  0.09/turn              (no ring)
MPRegen  0.10/turn              (no ring)

@: no status effects
A: unfitting armour, cold-blooded, AC +5
a: no special abilities


You were on level 3 of the Dungeon.
You visited 1 branch of the dungeon, and saw 3 of its levels.

You collected 118 gold pieces.

Inventory:

Scrolls
 a - 2 scrolls of remove curse
 b - a scroll of identify
 d - a scroll of immolation
 f - a scroll of enchant weapon
Potions
 e - a potion of heal wounds {unknown}
 g - a potion of berserk rage {unknown}
 h - a potion of brilliance {unknown}


   Skills:
 + Level 1.7 Fighting
 + Level 2.0 Dodging
 * Level 3.5 Unarmed Combat
 + Level 2.2 Spellcasting
 * Level 2.6 Transmutations


You had 2 spell levels left.
You knew the following spells:

 Your Spells              Type           Power        Failure   Level
a - Beastly Appendage     Tmut           #.....       9%          1
b - Spider Form           Tmut/Pois      #.........   43%         3

Your spell library contained the following spells:

 Spells                   Type           Power        Failure   Level
 Wereblood                Tmut           #.......     14%         2
 Ice Form                 Ice/Tmut       #.......     83%         4
 Blade Hands              Tmut           #.........   94%         5


Dungeon Overview and Level Annotations

Branches:
Dungeon (3/15)

Altars:
Elyvilon

Annotations:
D:3 Grinder, Ijyb


Innate Abilities, Weirdness & Mutations

Your plain brown scales are hard. (AC +5)
You cannot fit into any form of body armour.
You are cold-blooded and may be slowed by cold attacks.


Message History

Okay, then.
As you read the scroll labelled EJIFENK KEDER, it crumbles to dust.
You feel blessed for a moment.
It was a scroll of remove curse.
Grinder misses you.
Unknown command.
As you read the scroll labelled XUSYGO QYABB, it crumbles to dust.
It is a scroll of identify.
d - a scroll of immolation Grinder blinks!
As you read the scroll labelled CUFAPH ZATTIBEG, it crumbles to dust.
It is a scroll of enchant weapon.
You aren't carrying any weapons that can be enchanted.
Okay, then.
Okay, then.
It was a potion of degeneration.
There was something very wrong with that liquid.
You feel weakened.
You feel dopey.
You feel clumsy.
Ijyb zaps a wand.
The bolt of acid hits you!!
Ouch! That really hurt!
You die...

#.######.
#.....#
#.###.##..
#)###.....
#.........
#######.######..
#..............#
#.####..########
#.@# ###..#
#....# #.#g##
#.....5#
####....#
#...... #....###
#.#.##


You could see Grinder and Ijyb.

Vanquished Creatures
  A worm (D:2)
  A dart slug (D:2)
  A leopard gecko (D:2)
  An orc (D:3)
  2 ball pythons (D:2)
  A giant cockroach (D:2)
  4 goblins
  4 hobgoblins
  8 jackals
  A quokka (D:2)
  3 bats
  3 frilled lizards
  4 kobolds
  3 rats
37 creatures vanquished.

Notes
Turn   | Place    | Note
-------+----------+-------------------------------------------
     0 | D:1      | kae the Draconian Transmuter began the quest for the Orb.
     0 | D:1      | Reached XP level 1. HP: 16/16 MP: 3/3
   507 | D:1      | Reached XP level 2. HP: 19/23 MP: 3/5
  1780 | D:2      | Reached XP level 3. HP: 28/28 MP: 6/6
  2101 | D:2      | Learned a level 3 spell: Spider Form
  2267 | D:2      | Found a white marble altar of Elyvilon.
  2585 | D:3      | Noticed Grinder
  2586 | D:3      | Paralysed by Grinder for 7 turns
  2591 | D:3      | Noticed Ijyb
  2598 | D:3      | Killed from afar by Ijyb

Illustrated notes

Levels and vault maps discovered:
D:1:      lightli_arrival_statuegarden, layout_loops_corners
D:2:      layout_basic, elyvilon_altar_5
D:3:      layout_loops_corners, uniq_ijyb, uniq_robin, uniq_grinder

Skill      XL: |  1  2 |
---------------+-------+-----
Dodging        | 2 |  2.0
Fighting       | |  1.7
Unarmed Combat | |  3.5
Spellcasting   | |  2.2
Transmutations | |  2.6

Action                   || total
-------------------------++-------
Melee: Unarmed           ||   133
       Headbutt          ||    10
       Tailslap          ||     8
       Kick              ||    13
       Punch             ||     1
 Cast: Beastly Appendage ||    30
  Use: Scroll            ||     3
       Potion            ||     1
 Stab: Sleeping          ||     1
Armor: Skin              ||    51
Dodge: Dodged            ||   116

Table legend: (Time is in decaauts)
 A = Elapsed time spent in this place.
 B = Non-inter-level travel time spent in this place.
 C = Inter-level travel time spent in this place.
 D = Time resting spent in this place.
 E = Time spent auto-exploring this place.
 F = Levels seen in this place.
 G = Mean time per level.
                   A        B        C        D        E       F      G
               +--------+--------+--------+--------+--------+-----+--------+
         Total |   2590 |   2539 |     51 |      0 |   2194 |   3 |  863.3 |
       Dungeon |   2590 |   2539 |     51 |      0 |   2194 |   3 |  863.3 |
               +--------+--------+--------+--------+--------+-----+--------+

Top non-repeatable levels by time:
     D:2: 1455 daAuts
     D:1: 1097 daAuts
     D:3: 37 daAuts
